[Event "Satka Autumn 2019"]
[Site "Satka"]
[Date "2019.09.26"]
[Round "8.10"]
[White "Loskutova, Viktoriya"]
[Black "Mirzaeva, Gulnara"]
[Result "1/2-1/2"]
[ECO "B36"]
[WhiteElo "2162"]
[BlackElo "1936"]
[Annotator "NA"]
[PlyCount "131"]
[EventDate "2019.09.19"]
[EventType "swiss"]
[EventCountry "RUS"]
[SourceTitle "playchess.com"]
[Source "ChessBase"]
[SourceQuality "1"]
[TimeControl "5400+30"]

1. e4 c5 2. Nf3 Nc6 3. d4 cxd4 4. Nxd4 g6 5. c4 Nf6 6. Nc3 Nxd4 7. Qxd4 d6 8. f3 Bg7 9. Be3 O-O 10. Qd2 Be6 11. Rc1 a5 12. b3 Nd7 13. Be2 Nb6 14. O-O a4 15. Nd5 Nxd5 16. exd5 Bd7 17. b4 a3 18. Bd3 Bb2 19. Rb1 Re8 20. Bc2 Qc8 21. Bb3 e6 22. Bd4 Bxd4+ 23. Qxd4 Ba4 24. c5 Bxb3 25. Rxb3 dxc5 26. bxc5 exd5 27. Qxd5 Qc6 28. Qc4 Re5 29. Rc1 Ra5 30. Rbc3 Raxc5 31. Qxc5 Rxc5 32. Rxc5 Qe6 33. R5c2 b5 34. Rb1 Qe3+ 35. Kh1 h5 36. h3 Qd3 37. Rc8+ Kg7 38. Rbc1 b4 39. R8c4 b3 40. axb3 a2 41. Ra1 Qb1+ 42. Rc1 Qxb3 43. Rf1 Qb2 44. Rae1 g5 45. Kh2 Kg6 46. Kh1 f5 47. Kh2 f4 48. Kh1 g4 49. hxg4 hxg4 50. fxg4 Kg5 51. Kh2 Qc3 52. Ra1 Qb2 53. Rae1 Kxg4 54. Kh1 Qd2 55. Rd1 Qe3 56. Ra1 Qe2 57. Rae1 Qd2 58. Rd1 Qa5 59. Ra1 Qa8 60. Kg1 Qa7+ 61. Rf2 Qb6 62. Raxa2 Qb1+ 63. Kh2 Qh7+ 64. Kg1 Qb1+ 65. Kh2 Qh7+ 66. Kg1 1/2-1/2

[Event "Satka Autumn 2019"]
[Site "Satka"]
[Date "2019.09.26"]
[Round "8.11"]
[White "Zyapaeva, Polina"]
[Black "Mukhina, Jana"]
[Result "0-1"]
[ECO "C75"]
[WhiteElo "1808"]
[BlackElo "2083"]
[Annotator "NA"]
[PlyCount "96"]
[EventDate "2019.09.19"]
[EventType "swiss"]
[EventCountry "RUS"]
[SourceTitle "playchess.com"]
[Source "ChessBase"]
[SourceQuality "1"]
[TimeControl "5400+30"]

1. e4 e5 2. Nf3 Nc6 3. Bb5 a6 4. Ba4 d6 5. c3 Bd7 6. O-O g6 7. d4 Bg7 8. Re1 Nf6 9. Nbd2 Qe7 10. Nf1 O-O 11. Bg5 h6 12. Bh4 Qe8 13. d5 Ne7 14. Bxd7 Nxd7 15. Bxe7 Qxe7 16. Ng3 c5 17. Qd3 b5 18. b3 h5 19. h3 Bh6 20. Qe2 Rfb8 21. Nf1 Nb6 22. a4 Qe8 23. a5 Nd7 24. g4 hxg4 25. hxg4 Bf4 26. Ng3 Nf6 27. Nh2 Qd7 28. Kg2 Kg7 29. Rh1 Rh8 30. f3 Qe7 31. Nhf1 Rxh1 32. Kxh1 Nh7 33. Kg2 Qg5 34. Rd1 Rh8 35. Qf2 Qh6 36. Ra1 Ng5 37. Rb1 Nh3 38. Qe1 Bg5 39. Qd1 Nf4+ 40. Kg1 Nh3+ 41. Kg2 Nf4+ 42. Kg1 Bh4 43. Qc2 Nh3+ 44. Kg2 Ng5 45. Qf2 Bxg3 46. Nxg3 Nh3 47. Qc2 Nf4+ 48. Kg1 Qh4 0-1

[Event "Satka Autumn 2019"]
[Site "Satka"]
[Date "2019.09.26"]
[Round "8.12"]
[White "Nikulina, Anastasiya"]
[Black "Mar, Karmen"]
[Result "0-1"]
[ECO "B84"]
[WhiteElo "1540"]
[BlackElo "2026"]
[Annotator "NA"]
[PlyCount "48"]
[EventDate "2019.09.19"]
[EventType "swiss"]
[EventCountry "RUS"]
[SourceTitle "playchess.com"]
[Source "ChessBase"]
[SourceQuality "1"]
[TimeControl "5400+30"]

1. e4 c5 2. Nf3 d6 3. d4 cxd4 4. Nxd4 Nf6 5. Nc3 a6 6. Be2 e6 7. O-O Be7 8. Be3 O-O 9. f3 Qc7 10. Qd2 Nbd7 11. b3 d5 12. a3 Bd6 13. h3 e5 14. Nf5 d4 15. Nxd6 dxe3 16. Qd3 Nc5 17. Ndb5 axb5 18. Nxb5 Qe7 19. Qxe3 Nh5 20. Rfd1 Nf4 21. Bc4 Qg5 22. Qd2 Bxh3 23. Bf1 Rad8 24. Qf2 Bxg2 0-1

[Event "Satka Autumn 2019"]
[Site "Satka"]
[Date "2019.09.27"]
[Round "9.1"]
[White "Borisova, Ekaterina"]
[Black "Dubnikova, Anastasia"]
[Result "1-0"]
[ECO "A45"]
[WhiteElo "2307"]
[BlackElo "2056"]
[Annotator "NA"]
[PlyCount "63"]
[EventDate "2019.09.19"]
[EventType "swiss"]
[EventCountry "RUS"]
[SourceTitle "playchess.com"]
[Source "ChessBase"]
[SourceQuality "1"]
[TimeControl "5400+30"]

1. d4 Nf6 2. g3 e6 3. Bg2 d5 4. Nf3 b5 5. a4 b4 6. O-O Bb7 7. c4 Be7 8. c5 a5 9. Ne5 Nc6 10. Bf4 O-O 11. Nxc6 Bxc6 12. Nd2 Ra7 13. Nf3 Nd7 14. Ne5 Nxe5 15. dxe5 Qd7 16. Qd4 b3 17. Bd2 f6 18. Bh3 fxe5 19. Qxe5 Rf6 20. Rad1 Bxc5 21. e4 Qf7 22. Rc1 Bd6 23. Qd4 Ra6 24. e5 Qh5 25. exd6 Qxh3 26. dxc7 e5 27. Qxe5 Ra8 28. Rfe1 Raf8 29. Rxc6 Rxf2 30. Qe6+ Qxe6 31. Rexe6 Rxd2 32. c8=Q 1-0

[Event "Satka Autumn 2019"]
[Site "Satka"]
[Date "2019.09.27"]
[Round "9.2"]
[White "Semenova, Elena"]
[Black "Mironenko, Galina"]
[Result "1/2-1/2"]
[ECO "C07"]
[WhiteElo "2303"]
[BlackElo "1982"]
[Annotator "ChessBase"]
[PlyCount "99"]
[EventDate "2019.09.19"]
[EventType "swiss"]
[EventCountry "RUS"]
[SourceTitle "playchess.com"]
[Source "ChessBase"]
[SourceQuality "1"]
[TimeControl "5400+30"]

1. e4 e6 2. d4 d5 3. Nd2 c5 4. Ngf3 cxd4 5. Nxd4 Nc6 6. Bb5 Bd7 7. Nxc6 Bxc6 8. Bxc6+ bxc6 9. c4 Qa5 10. O-O Nf6 11. cxd5 cxd5 12. Qc2 Qa6 13. exd5 Nxd5 14. Nf3 Be7 15. Bg5 Rc8 16. Qd2 O-O 17. Bxe7 Nxe7 18. Rfc1 Rxc1+ 19. Qxc1 Rc8 20. Qd2 Nd5 21. Rc1 Rxc1+ 22. Qxc1 f6 23. a3 Kf7 24. Qc5 Qb6 25. Qxb6 Nxb6 26. Nd2 e5 27. Kf1 Ke6 28. Ke2 Kd5 29. Kd3 f5 30. f3 Na4 31. b3 Nc5+ 32. Kc3 g5 33. Nc4 e4 34. b4 Na4+ 35. Kb3 Nb6 36. Nxb6+ axb6 37. fxe4+ fxe4 38. a4 Kd4 39. a5 bxa5 40. bxa5 Kd3 41. a6 e3 42. a7 e2 43. a8=Q e1=Q 44. Qd5+ Ke2 45. Qf3+ Kd2 46. Qc3+ Ke2 47. Qf3+ Kd2 48. Qc3+ Ke2 49. Qf3+ Kd2 50. Qc3+ 1/2-1/2

[Event "Satka Autumn 2019"]
[Site "Satka"]
[Date "2019.09.27"]
[Round "9.3"]
[White "Guseva, Marina"]
[Black "Benderac, Ana"]
[Result "1-0"]
[ECO "A85"]
[WhiteElo "2374"]
[BlackElo "2228"]
[Annotator "ChessBase"]
[PlyCount "83"]
[EventDate "2019.09.19"]
[EventType "swiss"]
[EventCountry "RUS"]
[SourceTitle "playchess.com"]
[Source "ChessBase"]
[SourceQuality "1"]
[TimeControl "5400+30"]

1. d4 f5 2. c4 Nf6 3. Nc3 b6 4. e3 Bb7 5. f3 e6 6. Bd3 c5 7. Nge2 Nc6 8. O-O Bd6 9. Bd2 Qb8 10. h3 O-O 11. a3 Qe8 12. Qc2 Rc8 13. Rad1 Bb8 14. d5 Ne5 15. e4 fxe4 16. fxe4 Nh5 17. Rxf8+ Qxf8 18. Rf1 Qe7 19. b3 Rf8 20. Rxf8+ Qxf8 21. a4 h6 22. Be3 g5 23. Qd2 Qf6 24. Nd1 a5 25. Nf2 Kg7 26. Bc2 Ng6 27. Bd1 Nhf4 28. Nc3 Be5 29. Nb5 exd5 30. exd5 d6 31. g3 Bc8 32. Bg4 Nxh3+ 33. Bxh3 Bxh3 34. Nxh3 Bxg3 35. Qd1 Ne5 36. Kg2 Bh4 37. Qe2 Qg6 38. Bf2 Bxf2 39. Nxf2 h5 40. Ne4 g4 41. Nexd6 Nf3 42. Qe7+ 1-0

[Event "Satka Autumn 2019"]
[Site "Satka"]
[Date "2019.09.27"]
[Round "9.4"]
[White "Bykova, Anastasia"]
[Black "Petrukhina, Olga"]
[Result "1-0"]
[ECO "D31"]
[WhiteElo "2259"]
[BlackElo "2192"]
[Annotator "ChessBase"]
[PlyCount "73"]
[EventDate "2019.09.19"]
[EventType "swiss"]
[EventCountry "RUS"]
[SourceTitle "playchess.com"]
[Source "ChessBase"]
[SourceQuality "1"]
[TimeControl "5400+30"]

1. d4 d5 2. c4 e6 3. Nc3 Be7 4. cxd5 exd5 5. Bf4 Nf6 6. e3 c6 7. Nf3 Nh5 8. Bg3 Nxg3 9. hxg3 Bf5 10. Nh4 Be6 11. Bd3 Nd7 12. Qc2 Nf6 13. Nf5 Bf8 14. O-O-O Qa5 15. f3 g6 16. Nh4 O-O-O 17. g4 Bg7 18. g5 Ne8 19. g4 f6 20. gxf6 Bxf6 21. Rdg1 Kb8 22. g5 Bg7 23. Na4 Nd6 24. Kb1 Rhe8 25. Nc5 Bg8 26. Ng2 Rf8 27. Nf4 Rfe8 28. Re1 Ka8 29. Bxg6 hxg6 30. Qxg6 Bxd4 31. Nb3 Qb4 32. Nxd4 Nc4 33. Nd3 Qa5 34. Re2 Rxe3 35. Rxe3 Nxe3 36. Rh8 c5 37. Qxg8 1-0

[Event "Satka Autumn 2019"]
[Site "Satka"]
[Date "2019.09.27"]
[Round "9.5"]
[White "Nosacheva, Mariya"]
[Black "Lysenko, Margarita"]
[Result "1-0"]
[ECO "B90"]
[WhiteElo "2193"]
[BlackElo "2249"]
[Annotator "ChessBase"]
[PlyCount "133"]
[EventDate "2019.09.19"]
[EventType "swiss"]
[EventCountry "RUS"]
[SourceTitle "playchess.com"]
[Source "ChessBase"]
[SourceQuality "1"]
[TimeControl "5400+30"]

1. e4 c5 2. Nf3 d6 3. d4 cxd4 4. Nxd4 Nf6 5. Nc3 a6 6. h3 e5 7. Nde2 h5 8. g3 Be7 9. Bg2 Be6 10. a4 Nbd7 11. Be3 Nb6 12. b3 Rc8 13. O-O h4 14. a5 Nbd7 15. f4 Nb8 16. f5 Bd7 17. Bb6 Rc7 18. Nd5 Nxd5 19. exd5 hxg3 20. Nxg3 Qc8 21. c4 Rh4 22. Bxc7 Qxc7 23. Ne4 g6 24. fxg6 fxg6 25. c5 Bf5 26. cxd6 Bxd6 27. Rc1 Qe7 28. Qc2 Nd7 29. Rxf5 gxf5 30. Nxd6+ Qxd6 31. Qxf5 Qf6 32. Qe6+ Kd8 33. Qg8+ Qf8 34. Qg5+ Qf6 35. Qg8+ Qf8 36. Qxf8+ Nxf8 37. d6 Kd7 38. Bxb7 Rb4 39. Bxa6 Rxb3 40. Bc8+ Kxd6 41. Ra1 Rb8 42. Bf5 Ra8 43. a6 Ra7 44. Kf2 Kc7 45. Ke3 Kb8 46. Ke4 Re7 47. a7+ Ka8 48. Kd5 Rb7 49. Kxe5 Nd7+ 50. Bxd7 Rxd7 51. h4 Rb7 52. Ra5 Rb1 53. Kf6 Rf1+ 54. Kg6 Rg1+ 55. Kh7 Rh1 56. h5 Rc1 57. Ra6 Rg1 58. h6 Rg2 59. Rg6 Rc2 60. Kh8 Rc1 61. h7 Kxa7 62. Kg7 Rc7+ 63. Kh6 Rc8 64. Rg8 Rc6+ 65. Kg5 Rc5+ 66. Kf4 Rc4+ 67. Ke5 1-0

[Event "Satka Autumn 2019"]
[Site "Satka"]
[Date "2019.09.27"]
[Round "9.6"]
[White "Mukhina, Jana"]
[Black "Schepetkova, Margarita"]
[Result "0-1"]
[ECO "E22"]
[WhiteElo "2083"]
[BlackElo "2194"]
[Annotator "ChessBase"]
[PlyCount "114"]
[EventDate "2019.09.19"]
[EventType "swiss"]
[EventCountry "RUS"]
[SourceTitle "playchess.com"]
[Source "ChessBase"]
[SourceQuality "1"]
[TimeControl "5400+30"]

1. d4 Nf6 2. c4 e6 3. Nc3 Bb4 4. Qb3 Nc6 5. e3 O-O 6. Bd3 d5 7. cxd5 Qxd5 8. Qxd5 exd5 9. Nge2 Ne7 10. a3 Ba5 11. b4 Bb6 12. a4 c6 13. Ng3 h5 14. h4 Bc7 15. Nce2 Bd6 16. Bd2 g6 17. O-O b6 18. f3 c5 19. bxc5 bxc5 20. dxc5 Bxc5 21. Nd4 Bd7 22. Nge2 Rfc8 23. Rfc1 Rab8 24. Bb5 Bxb5 25. axb5 Nd7 26. Nc6 Nxc6 27. bxc6 Rxc6 28. Rxa7 Ne5 29. Nd4 Bxd4 30. exd4 Rxc1+ 31. Bxc1 Nc6 32. Ra1 Nxd4 33. Bg5 Ne6 34. Bf6 Nf8 35. Ra5 Nh7 36. Bd4 Rd8 37. Bb6 Rd7 38. Ra8+ Kg7 39. Bd4+ f6 40. Ra6 Kf7 41. Kf2 f5 42. g3 Nf8 43. Rf6+ Ke7 44. Rb6 Ne6 45. Ke3 Kf7 46. f4 Ra7 47. Rb3 Ra4 48. Be5 d4+ 49. Kf3 Nc5 50. Rb5 Ne4 51. Rb7+ Ke6 52. Rg7 Ra3+ 53. Ke2 d3+ 54. Kd1 Rb3 55. Rxg6+ Kd5 56. Kc1 d2+ 57. Kc2 Rd3 0-1

[Event "Satka Autumn 2019"]
[Site "Satka"]
[Date "2019.09.27"]
[Round "9.7"]
[White "Charochkina, Daria"]
[Black "Prudnikova, Svetlana"]
[Result "1-0"]
[ECO "A01"]
[WhiteElo "2360"]
[BlackElo "2234"]
[Annotator "ChessBase"]
[PlyCount "59"]
[EventDate "2019.09.19"]
[EventType "swiss"]
[EventCountry "RUS"]
[SourceTitle "playchess.com"]
[Source "ChessBase"]
[SourceQuality "1"]
[TimeControl "5400+30"]

1. b3 e5 2. Bb2 Nc6 3. e3 d6 4. Ne2 g6 5. d4 Bg7 6. d5 Nce7 7. c4 h5 8. h4 Nh6 9. Nbc3 O-O 10. Ne4 f6 11. N2c3 b6 12. Qd2 Nf7 13. O-O-O a6 14. Bd3 f5 15. Ng5 Nxg5 16. hxg5 Bd7 17. Kb1 Nc8 18. f4 e4 19. Bc2 b5 20. cxb5 axb5 21. g4 hxg4 22. Nxe4 Bxb2 23. Kxb2 Qe7 24. Qd4 fxe4 25. Rh8+ Kf7 26. Rdh1 Bf5 27. R1h7+ Ke8 28. Rxe7+ Kxe7 29. Rh7+ Rf7 30. Qf6+ 1-0

[Event "Satka Autumn 2019"]
[Site "Satka"]
[Date "2019.09.27"]
[Round "9.8"]
[White "Makarenko, Alexandra"]
[Black "Mar, Karmen"]
[Result "1-0"]
[ECO "B91"]
[WhiteElo "2169"]
[BlackElo "2026"]
[Annotator "ChessBase"]
[PlyCount "107"]
[EventDate "2019.09.19"]
[EventType "swiss"]
[EventCountry "RUS"]
[SourceTitle "playchess.com"]
[Source "ChessBase"]
[SourceQuality "1"]
[TimeControl "5400+30"]

1. e4 c5 2. Nf3 d6 3. d4 cxd4 4. Nxd4 Nf6 5. Nc3 a6 6. g3 e6 7. Bg2 Be7 8. O-O Qc7 9. Re1 Bd7 10. a4 Nc6 11. Be3 O-O 12. Nxc6 Bxc6 13. a5 Nd7 14. Na4 Rac8 15. Nb6 Nxb6 16. Bxb6 Qd7 17. c4 f5 18. Qd3 f4 19. Rad1 Qe8 20. b4 Qh5 21. Bf3 Qg5 22. Rb1 h5 23. b5 Be8 24. Rb3 fxg3 25. hxg3 h4 26. Bg2 hxg3 27. fxg3 Bg6 28. Bh3 Bf7 29. Rf1 Qh6 30. Kg2 Bh5 31. Be3 Qg6 32. e5 Rxf1 33. Qxg6 Bxg6 34. Bxe6+ Bf7 35. Bxc8 Bxc4 36. Rb4 Be2 37. Rb2 Bc4 38. Bxb7 Ra1 39. bxa6 Bxa6 40. Bxa6 Rxa5 41. Bc4+ d5 42. Bb6 Ra1 43. Bxd5+ Kh7 44. Be4+ Kg8 45. e6 Re1 46. Bd5 g6 47. Bf2 Rd1 48. Rb8+ Kg7 49. Bb3 Rd2 50. Kf3 Kf6 51. Be3 Rd6 52. Rb7 Rd3 53. Ke4 Rd8 54. Rxe7 1-0

[Event "Satka Autumn 2019"]
[Site "Satka"]
[Date "2019.09.27"]
[Round "9.9"]
[White "Petrenko, Svetlana"]
[Black "Eidelson, Rakhil"]
[Result "1/2-1/2"]
[ECO "A41"]
[WhiteElo "2200"]
[BlackElo "2064"]
[Annotator "ChessBase"]
[PlyCount "37"]
[EventDate "2019.09.19"]
[EventType "swiss"]
[EventCountry "RUS"]
[SourceTitle "playchess.com"]
[Source "ChessBase"]
[SourceQuality "1"]
[TimeControl "5400+30"]

1. d4 d6 2. c4 e5 3. dxe5 dxe5 4. Qxd8+ Kxd8 5. Nf3 f6 6. Nc3 Be6 7. e3 Nd7 8. b3 c6 9. Bb2 Kc7 10. O-O-O Nh6 11. h3 a5 12. Na4 Nf7 13. Be2 Nc5 14. Nxc5 Bxc5 15. Bc3 Ba3+ 16. Bb2 Bc5 17. Bc3 Ba3+ 18. Bb2 Bc5 19. Bc3 1/2-1/2

[Event "Satka Autumn 2019"]
[Site "Satka"]
[Date "2019.09.27"]
[Round "9.10"]
[White "Matsenko, Elena"]
[Black "Loskutova, Viktoriya"]
[Result "0-1"]
[ECO "B90"]
[WhiteElo "1841"]
[BlackElo "2162"]
[Annotator "NA"]
[PlyCount "90"]
[EventDate "2019.09.19"]
[EventType "swiss"]
[EventCountry "RUS"]
[SourceTitle "playchess.com"]
[Source "ChessBase"]
[SourceQuality "1"]
[TimeControl "5400+30"]

1. e4 c5 2. Nf3 d6 3. d4 cxd4 4. Nxd4 Nf6 5. Nc3 a6 6. h3 e5 7. Nde2 h5 8. g3 Be7 9. Bg2 Be6 10. a4 Nc6 11. O-O Nb4 12. Be3 d5 13. exd5 Nbxd5 14. Bg5 Rb8 15. Nxd5 Nxd5 16. Bxe7 Nxe7 17. Qxd8+ Kxd8 18. b3 Kc7 19. f4 e4 20. Nd4 Bd7 21. f5 Nc6 22. Nxc6 Bxc6 23. Rae1 Rbe8 24. Re3 Re5 25. Rf4 Rhe8 26. g4 hxg4 27. hxg4 Kd6 28. Rf2 g6 29. fxg6 fxg6 30. Rf6+ R8e6 31. Rf4 g5 32. Rf2 Rh6 33. Bf1 Rh4 34. Be2 Re6 35. Bd1 Reh6 36. Kf1 Rh1+ 37. Ke2 R6h2 38. Rxh2 Rxh2+ 39. Ke1 Ke5 40. Be2 Kf4 41. Rc3 e3 42. Rc4+ Kg3 43. Bd3 Bf3 44. Rc3 Rh1+ 45. Bf1 e2 0-1

[Event "Satka Autumn 2019"]
[Site "Satka"]
[Date "2019.09.27"]
[Round "9.11"]
[White "Filippova, Darya"]
[Black "Shamsutdinova, Karina"]
[Result "1-0"]
[ECO "A15"]
[WhiteElo "2110"]
[BlackElo "1747"]
[Annotator "NA"]
[PlyCount "63"]
[EventDate "2019.09.19"]
[EventType "swiss"]
[EventCountry "RUS"]
[SourceTitle "playchess.com"]
[Source "ChessBase"]
[SourceQuality "1"]
[TimeControl "5400+30"]

1. c4 Nf6 2. b3 b6 3. Bb2 Bb7 4. d4 d5 5. Nc3 g6 6. e3 Bg7 7. Nge2 O-O 8. Nf4 dxc4 9. bxc4 e6 10. Be2 Na6 11. O-O c5 12. Rb1 cxd4 13. exd4 Ne4 14. Nb5 Bh6 15. Bc1 Bg7 16. Rb3 Nc7 17. Nxc7 Qxc7 18. d5 Be5 19. g3 Nc3 20. Qd3 Nxe2+ 21. Qxe2 Ba6 22. Rb4 exd5 23. Nxd5 Qd6 24. Qf3 Bb7 25. Rb3 Bc6 26. Ba3 Bxd5 27. cxd5 Qd7 28. Bxf8 Rxf8 29. Re1 Bd6 30. Qf6 Bc5 31. Rd3 Bd6 32. Re4 1-0

[Event "Satka Autumn 2019"]
[Site "Satka"]
[Date "2019.09.27"]
[Round "9.12"]
[White "Mirzaeva, Gulnara"]
[Black "Trapeznikova, Darya"]
[Result "1/2-1/2"]
[ECO "C55"]
[WhiteElo "1936"]
[BlackElo "2085"]
[Annotator "NA"]
[PlyCount "81"]
[EventDate "2019.09.19"]
[EventType "swiss"]
[EventCountry "RUS"]
[SourceTitle "playchess.com"]
[Source "ChessBase"]
[SourceQuality "1"]
[TimeControl "5400+30"]

1. e4 e5 2. Nf3 Nc6 3. Bc4 Nf6 4. d3 Be7 5. O-O O-O 6. c3 d5 7. exd5 Nxd5 8. Re1 Bg4 9. h3 Bh5 10. Nbd2 Nb6 11. Bb5 f6 12. Ne4 a6 13. Bxc6 bxc6 14. Ng3 Bxf3 15. Qxf3 Qd5 16. Qxd5+ cxd5 17. Nf5 Rfe8 18. Nxe7+ Rxe7 19. Be3 Na4 20. Re2 Rb8 21. Bc1 c6 22. Kf1 Reb7 23. b3 Nxc3 24. Rc2 d4 25. Bd2 e4 26. Bxc3 exd3 27. Rd2 dxc3 28. Rxd3 a5 29. Rc1 a4 30. bxa4 Ra7 31. Rdxc3 Rxa4 32. Rxc6 Rxa2 33. Rc8+ Rxc8 34. Rxc8+ Kf7 35. Rc7+ Kg6 36. g3 h5 37. h4 Rb2 38. Kg2 Ra2 39. Kf3 Ra3+ 40. Kf4 Ra4+ 41. Kf3 1/2-1/2